 Dungeon Crawl Stone Soup version 0.17-a0-112-ge7edae9 (webtiles) character file.

2153 BluebellGnoll the Spear-Bearer (level 9, -4/72 HPs)
             Began as a Merfolk Skald on Mar 18, 2015.
             Was a Priest of Okawaru.
             Slain by an orc warrior
             ... wielding a +0 dire flail
              (9 damage)
             ... on level 6 of the Dungeon on Mar 19, 2015.
             The game lasted 00:39:58 (7073 turns).

BluebellGnoll the Spear-Bearer (Merfolk Skald)      Turns: 7073, Time: 00:39:58

Health: -4/72      AC:  9    Str: 13    XL:     9   Next: 31%
Magic:  9/14       EV: 11    Int: 17    God:    Okawaru [***...]
Gold:   147        SH:  0    Dex: 13    Spells: 5 memorised, 1 level left

rFire  . . .     SeeInvis .     a - +0 spear (curse)
rCold  . . .     Clarity  .     b - +0 leather armour (curse)
rNeg   + . .     SustAb   .     (no shield)
rPois  .         Gourm    .     j - +2 hat (curse)
rElec  .         Spirit   .     z - +0 cloak (curse)
rCorr  .         Warding  +     (no gloves)
rMut   .         Stasis   .     E - +2 pair of boots
MR     .....                    u - amulet of warding
Stlth  +.........               (no ring)
                                h - +3 ring of intelligence

@: infused, not resistant to hostile enchantments, very unstealthy
A: change form in water, swift swim
a: Heroism, Renounce Religion


You were on level 6 of the Dungeon.
You worshipped Okawaru.
Okawaru was most pleased with you.
You were not hungry.

You visited 1 branch of the dungeon, and saw 6 of its levels.
You also visited: Sewer and Ossuary.

You collected 309 gold pieces.
You spent 162 gold pieces at shops.

Inventory:

Hand weapons
 a - a cursed +0 spear (weapon)
 w - a +0 blowgun
Missiles
 l - 15 stones (quivered)
 x - 5 curare-tipped needles
 J - 10 poisoned needles
 L - 7 needles of sleeping
Armour
 b - a cursed +0 leather armour (worn)
 j - a cursed +2 hat (worn)
 z - a cursed +0 cloak (worn)
 E - a +2 pair of boots (worn)
Rods
 C - a +2 iron rod (12/12)
   (You found it on level 3 of the Dungeon)
Jewellery
 g - an uncursed amulet of resist corrosion
 h - a +3 ring of intelligence (left hand)
 u - an amulet of warding (around neck)
 v - an uncursed ring of flight
Scrolls
 f - a scroll of fog
 i - 7 scrolls of remove curse
 m - a scroll of recharging
 q - 5 scrolls of teleportation
 t - 2 scrolls of magic mapping
 I - a scroll of identify
 M - a scroll of blinking
Potions
 e - a potion of ambrosia {unknown}
 n - 3 potions of heal wounds
 o - 2 potions of restore abilities
 r - a potion of haste
 s - a potion of magic
 G - a potion of berserk rage
 H - a potion of mutation
Books
 c - a book of Battle

   Spells                             Type                      Level
   a - Infusion                       Charms                       1
   b - Shroud of Golubria             Charms/Translocation         2
   c - Song of Slaying                Charms                       2
   d - Spectral Weapon                Hexes/Charms                 3
   e - Regeneration                   Charms/Necromancy            3
 y - a book of Flames

   Spells                             Type                      Level
   a - Flame Tongue                   Conjuration/Fire             1
   b - Throw Flame                    Conjuration/Fire             2
   c - Conjure Flame                  Conjuration/Fire             3
   d - Inner Flame                    Hexes/Fire                   3
   e - Sticky Flame                   Conjuration/Fire             4
   f - Fireball                       Conjuration/Fire             5
Comestibles
 d - 6 bread rations
 k - 5 chunks of flesh
 p - 2 royal jellies
 A - a beef jerky
 B - 2 fruits
 K - a meat ration


   Skills:
 + Level 7.3 Fighting
 - Level 12.1 Polearms
 - Level 0.6 Armour
 - Level 1.3 Dodging
 - Level 2.0 Spellcasting
 - Level 6.9 Charms


You had one spell level left.
You knew the following spells:

 Your Spells              Type           Power        Failure   Level  Hunger
a - Infusion              Chrm           ####..       1%          1    #......
b - Song of Slaying       Chrm           ####....     2%          2    ###....
c - Shroud of Golubria    Chrm/Tloc      ##........   12%         2    ###....
d - Regeneration          Chrm/Necr      ##........   21%         3    ###....
e - Spectral Weapon       Hex/Chrm       ##......     21%         3    ###....


Dungeon Overview and Level Annotations

Branches:
Dungeon (6/15)
 Temple: D:4-7

Altars:
Okawaru
Yredelemnul
Jiyva

Shops:
D:5 !


Message History

The orc warrior hits you with a dire flail!
* * * LOW HITPOINT WARNING * * *
The orc hits you with a mace.
* * * LOW HITPOINT WARNING * * *
You are too injured to fight recklessly!
You are too injured to fight recklessly!
You are too injured to fight recklessly!
You barely miss the orc warrior.
The orc warrior is severely wounded.
You barely miss the orc warrior.
The orc warrior is severely wounded.
The orc warrior hits you with a dire flail.
* * * LOW HITPOINT WARNING * * *
The orc barely misses you.
You closely miss the orc warrior.
The orc warrior is severely wounded.
The orc hits you but does no damage.
There is a stone staircase leading up here.
The orc warrior hits you with a dire flail!
You die...

......#.# ##.#..# #..# #
........## ####..#..# #..#### #
.#.......###.....##.## #.....####
####..........#..##..###..##.....
# ##.o.....####.###..#..######..
##.....## #..##.....# #.. #
##.##..## #..##.....### #.. ###
#..###[.###...........####..
..####.## ##..#o@####............
....#..# ##..o.## #...........#
##....#####....## ##...........
####..###....#..## ##..#........
###........###.....##...........#
.##......#..#...................#
.##..##..#.#.....#.#........._..#
.................#####..........#
...........##....# #####........#


You could see an orc warrior and an orc.

Vanquished Creatures
  Prince Ribbit (D:6)
  Menkaure (D:5)
  A black bear (D:6)
  A necrophage (D:5)
  A centaur (D:5)
  Sigmund (D:3)
  3 big kobolds (Sewer)
  The ghost of Restia the Firebug, an average DEFE (D:3)
  Blork the orc (D:5)
  2 scorpions
  A giant frog zombie (D:5)
  A crimson imp (D:5)
  2 jellies (D:6)
  A goliath beetle (D:6)
  2 giant frog skeletons
  2 hounds
  2 human zombies (Ossuary)
  2 orc priests (D:5)
  4 orc wizards
  Natasha (thrice) (D:5)
  3 iguanas
  2 worker ants
  A big kobold zombie (Ossuary)
  Terence (D:2)
  3 mummies
  A hound skeleton (D:5)
  14 adders
  2 shadow imps (D:5)
  A white imp (D:5)
  A giant mite (D:3)
  4 worms
  An adder zombie (Ossuary)
  An adder skeleton (D:5)
  5 oozes
  11 orcs
  13 bats
  2 bat skeletons (D:4)
  4 giant cockroaches
  8 hobgoblins
  4 jackals (D:3)
  9 ball pythons
  A giant cockroach zombie (D:5)
  9 giant geckos
  A giant gecko skeleton (D:4)
  4 giant newts
  12 goblins
  A goblin zombie (Ossuary)
  8 hobgoblin zombies (Ossuary)
  2 jackal zombies (Ossuary)
  13 kobolds
  9 kobold zombies (Ossuary)
  10 orc zombies (Ossuary)
  A quokka (D:5)
  18 rats
  3 rat zombies (Ossuary)
216 creatures vanquished.

Vanquished Creatures (others)
  A spectral weapon (D:6)
1 creature vanquished.

Grand Total: 217 creatures vanquished

Notes
Turn   | Place    | Note
--------------------------------------------------------------
     0 | D:1      | BluebellGnoll, the Merfolk Skald, began the quest for the Orb.
     0 | D:1      | Reached XP level 1. HP: 16/16 MP: 3/3
   127 | D:1      | Reached skill level 4 in Polearms
   127 | D:1      | Reached XP level 2. HP: 22/22 MP: 4/4
   131 | D:1      | Learned a level 2 spell: Song of Slaying
   694 | D:2      | Reached skill level 5 in Polearms
   694 | D:2      | Reached XP level 3. HP: 27/27 MP: 6/6
   907 | D:2      | Learned a level 2 spell: Shroud of Golubria
   999 | D:2      | Found an iron altar of Okawaru.
  1012 | D:2      | Became a worshipper of Warmaster Okawaru
  1112 | D:2      | Noticed Terence
  1125 | D:2      | Killed Terence
  1179 | D:2      | Reached XP level 4. HP: 30/34 MP: 7/7
  1533 | D:3      | Found a glowing drain.
  1537 | Sewer    | Entered a sewer
  1631 | Sewer    | Reached XP level 5. HP: 21/42 MP: 2/9
  1784 | Sewer    | Noticed a big kobold
  1802 | Sewer    | Noticed a big kobold
  1823 | Sewer    | Killed a big kobold
  1823 | Sewer    | Acquired Okawaru's first power
  1823 | Sewer    | Reached skill level 5 in Fighting
  1831 | Sewer    | Killed a big kobold
  1831 | Sewer    | Reached XP level 6. HP: 48/52 MP: 2/10
  1866 | Sewer    | Reached skill level 6 in Fighting
  1923 | Sewer    | Noticed a big kobold
  1937 | Sewer    | Killed a big kobold
  2123 | D:3      | Learned a level 3 spell: Regeneration
  2260 | D:3      | Noticed Sigmund
  2598 | D:3      | Reached skill level 7 in Polearms
  2650 | D:3      | Noticed Restia's ghost (average DEFE)
  2705 | D:3      | Killed Restia's ghost
  2705 | D:3      | Reached XP level 7. HP: 32/58 MP: 6/12
  2965 | D:3      | Killed Sigmund
  2965 | D:3      | Reached skill level 8 in Polearms
  3351 | D:4      | Found a basalt altar of Yredelemnul.
  3481 | D:4      | Reached skill level 9 in Polearms
  4009 | D:5      | Entered Level 5 of the Dungeon
  4014 | D:5      | Found Xom Uxex's Distillery.
  4020 | D:5      | Bought a potion of heal wounds for 65 gold pieces
  4020 | D:5      | Bought a potion of might for 52 gold pieces
  4020 | D:5      | Bought a potion of poison for 13 gold pieces
  4020 | D:5      | Bought a potion of mutation for 32 gold pieces
  4129 | D:5      | Found a sand-covered staircase.
  4152 | Ossuary  | Entered an ossuary
  4381 | Ossuary  | Reached skill level 10 in Polearms
  4547 | Ossuary  | Reached XP level 8. HP: 64/64 MP: 0/13
  4873 | D:5      | Noticed Menkaure
  4900 | D:4      | Upgraded the game from 0.17-a0-105-g8f3376a to 0.17-a0-112-ge7edae9
  5362 | D:5      | Noticed Blork the orc
  5383 | D:5      | Killed Blork the orc
  5393 | D:5      | Reached skill level 5 in Charms
  5450 | D:5      | Noticed Natasha
  5461 | D:5      | Killed Natasha
  5465 | D:5      | Noticed Natasha
  5479 | D:5      | Killed Natasha
  5609 | D:5      | Killed Menkaure
  5953 | D:5      | Learned a level 3 spell: Spectral Weapon
  5993 | D:5      | Noticed Natasha
  6016 | D:5      | Killed Natasha
  6261 | D:5      | Reached skill level 11 in Polearms
  6482 | D:6      | Reached XP level 9. HP: 70/70 MP: 11/14
  6740 | D:6      | Found a viscous altar of Jiyva.
  6793 | D:6      | Noticed Prince Ribbit
  6812 | D:6      | Killed Prince Ribbit
  6812 | D:6      | Reached skill level 12 in Polearms
  7073 | D:6      | Slain by an orc warrior

Action                   |  1- 3 |  4- 6 |  7- 9 || total
-------------------------+-------+-------+-------++-------
Melee: Spear             |   118 |   244 |   518 ||   880
 Fire: Blowgun           |       |       |     6 ||     6
Throw: Stone             |       |       |     3 ||     3
 Cast: Infusion          |     2 |    18 |    39 ||    59
       Song of Slaying   |       |     1 |       ||     1
       Spectral Weapon   |       |       |     1 ||     1
Evoke: Rod               |       |       |     4 ||     4
  Use: Scroll            |       |     5 |    11 ||    16
       Potion            |       |     1 |     9 ||    10
 Stab: Sleeping          |       |     1 |     2 ||     3
       Distracted        |       |       |     2 ||     2
  Eat: Chunk             |     1 |     5 |    14 ||    20
       Meat ration       |       |       |     1 ||     1
       Fruit             |       |       |     1 ||     1
